[ AOE2 MATCH · #471377222 ]
Team RMTeutons vs Franks
[ REPLAY ANALYSIS · EXTRACTED FROM THE RECORDED GAME ]
Feudal
12:02
Castle
15:33
Imperial
30:14
| APM avg | 28.1 |
| APM peak | 58 |
| eAPM avg | 15.9 |
| Villagers / military | 146 / 260 |
Focus
⚔️ 40.5% · 🌾 59.5%
Knight ×225 · Monk ×35
Feudal
12:15
Castle
20:20
Imperial
32:59
| APM avg | 26.7 |
| APM peak | 90 |
| eAPM avg | 22.4 |
| Villagers / military | 171 / 371 |
Focus
⚔️ 27.1% · 🌾 72.9%
Archer ×190 · Spearman ×157 · Fire Lancer ×11 · Monk ×7 · Iron Pagoda ×3 · Scorpion ×1
Feudal
10:09
Castle
15:43
Imperial
27:50
| APM avg | 17.4 |
| APM peak | 43 |
| eAPM avg | 11.1 |
| Villagers / military | 106 / 123 |
Focus
⚔️ 26.3% · 🌾 73.7%
Hand Cannoneer ×108 · Trade Cart ×10 · Trebuchet (Packed) ×5 · Bombard Cannon ×4 · Scout Cavalry ×3 · Mangonel ×2
Feudal
11:39
Castle
15:19
Imperial
29:05
| APM avg | 38.2 |
| APM peak | 78 |
| eAPM avg | 27.0 |
| Villagers / military | 134 / 356 |
Focus
⚔️ 39.7% · 🌾 60.3%
Spearman ×256 · Militia ×63 · Battering Ram ×22 · Cavalry Archer ×15
Feudal
9:57
Castle
17:28
Imperial
29:22
| APM avg | 29.4 |
| APM peak | 58 |
| eAPM avg | 18.5 |
| Villagers / military | 154 / 237 |
Focus
⚔️ 23.6% · 🌾 76.4%
War Elephant ×113 · Scout Cavalry ×68 · Archer ×55 · Trade Cart ×15 · Monk ×1
Feudal
11:54
Castle
17:10
Imperial
32:19
| APM avg | 24.4 |
| APM peak | 117 |
| eAPM avg | 18.6 |
| Villagers / military | 128 / 397 |
Focus
⚔️ 53.0% · 🌾 47.0%
Spearman ×299 · Knight ×91 · Bombard Cannon ×4 · Trebuchet (Packed) ×3
Feudal
11:34
Castle
15:29
Imperial
30:26
| APM avg | 15.4 |
| APM peak | 54 |
| eAPM avg | 11.6 |
| Villagers / military | 120 / 252 |
Focus
⚔️ 42.7% · 🌾 57.3%
Scorpion ×92 · Scout Cavalry ×82 · Spearman ×71 · Trebuchet (Packed) ×6 · Mangonel ×1
Feudal
10:06
Castle
15:24
Imperial
32:51
| APM avg | 24.7 |
| APM peak | 74 |
| eAPM avg | 17.9 |
| Villagers / military | 201 / 246 |
Focus
⚔️ 24.7% · 🌾 75.3%
Hand Cannoneer ×118 · Spearman ×90 · Bombard Cannon ×23 · Hussite Wagon ×9 · Mangonel ×6
Match map
Initial resources + every placement click. Lines = walls · curves = elevation contours. ◆ gold · ⬟ stone · ● berries · ✦ relic · ◌ wall gap
Your base· ✓ Closed at 15:33 · 0t walls · 3 gate(s)
africabytoto42's base· ✓ Closed at 20:20 · 0t walls · 3 gate(s)
heibanbaomc2003's base· ✓ Closed at 15:43 · 0t walls · 2 gate(s)
alexisxsegura's base· ✓ Closed at 15:19 · 0t walls · 2 gate(s)
younger's base· ✓ Closed at 17:28 · 0t walls · 2 gate(s)
pawoulf's base· ✓ Closed at 17:10 · 0t walls · 2 gate(s)
Timbotumba's base· ✓ Closed at 15:29 · 0t walls · 2 gate(s)
Kei Nagase's base· ✓ Closed at 15:24 · 0t walls · 3 gate(s)
Smoothed initial terrain · ◌ = detected wall gap · hover for details
Inputs per minute
— 2384823078 - - africabytoto42
Build order — 2384823078
First 150 of 565 actions detected
| 0:01 | Create | Villager (Male) |
| 0:01 | Create | Villager (Male) |
| 0:03 | Build | House |
| 0:05 | Build | House |
| 0:32 | Create | Villager (Male) |
| 1:04 | Create | Villager (Male) |
| 1:34 | Create | Villager (Male) |
| 2:02 | Create | Villager (Male) |
| 2:41 | Create | Villager (Male) |
| 3:08 | Create | Villager (Male) |
| 3:15 | Build | Lumber Camp |
| 3:26 | Create | Villager (Male) |
| 3:56 | Create | Villager (Male) |
| 4:10 | Create | Villager (Male) |
| 4:30 | Build | Mill |
| 4:43 | Create | Villager (Male) |
| 4:53 | Build | House |
| 5:28 | Create | Villager (Male) |
| 5:43 | Create | Villager (Male) |
| 5:50 | Build | House |
| 6:03 | Create | Villager (Male) |
| 6:37 | Create | Villager (Male) |
| 6:46 | Build | Mill |
| 6:54 | Create | Villager (Male) |
| 7:34 | Build | Farm |
| 7:42 | Create | Villager (Male) |
| 7:54 | Create | Villager (Male) |
| 8:18 | Build | House |
| 8:26 | Build | Farm |
| 8:37 | Create | Villager (Male) |
| 8:40 | Create | Villager (Male) |
| 8:40 | Create | Villager (Male) |
| 8:54 | Create | Villager (Male) |
| 8:57 | Research | Feudal Age |
| 9:08 | Build | Farm |
| 10:03 | Build | Lumber Camp |
| 10:17 | Create | Villager (Male) |
| 10:18 | Create | Villager (Male) |
| 11:13 | Build | Farm |
| 12:02 | Age | Feudal Age |
| 12:04 | Build | Market |
| 12:09 | Build | Blacksmith |
| 12:50 | Research | Castle Age |
| 13:14 | Build | House |
| 13:36 | Build | Farm |
| 13:37 | Build | Farm |
| 13:39 | Build | Farm |
| 13:48 | Research | Horse Collar |
| 13:51 | Research | Double-Bit Axe |
| 15:27 | Create | Villager (Male) |
| 15:28 | Create | Villager (Male) |
| 15:33 | Age | Castle Age |
| 15:36 | Build | Town Center |
| 15:42 | Build | Town Center |
| 15:52 | Create | Villager (Male) |
| 16:24 | Create | Villager (Male) |
| 16:32 | Build | House |
| 16:34 | Build | House |
| 16:35 | Build | House |
| 16:38 | Research | Heavy Plow |
| 16:41 | Research | Bow Saw |
| 16:44 | Build | Farm |
| 16:51 | Build | Farm |
| 16:56 | Create | Villager (Male) |
| 16:56 | Create | Villager (Male) |
| 17:00 | Build | Farm |
| 17:01 | Build | Farm |
| 17:05 | Create | Villager (Male) |
| 17:06 | Create | Villager (Male) |
| 17:11 | Build | Farm |
| 17:12 | Build | Farm |
| 17:13 | Build | Farm |
| 17:17 | Create | Villager (Male) |
| 17:20 | Build | Farm |
| 17:25 | Build | Farm |
| 17:33 | Build | Farm |
| 17:37 | Build | Farm |
| 17:40 | Create | Villager (Male) |
| 17:42 | Create | Villager (Male) |
| 17:44 | Build | Farm |
| 17:48 | Build | Farm |
| 17:49 | Build | Farm |
| 17:55 | Research | Loom |
| 18:02 | Build | Farm |
| 18:06 | Build | House |
| 18:08 | Build | House |
| 18:09 | Create | Villager (Male) |
| 18:13 | Build | Farm |
| 18:17 | Build | Farm |
| 18:18 | Create | Villager (Male) |
| 18:22 | Build | Farm |
| 18:29 | Build | Farm |
| 18:33 | Create | Villager (Male) |
| 18:37 | Create | Villager (Male) |
| 18:37 | Create | Villager (Male) |
| 18:38 | Create | Villager (Male) |
| 18:42 | Build | Farm |
| 18:48 | Create | Villager (Male) |
| 18:50 | Build | Farm |
| 18:52 | Build | Farm |
| 18:54 | Create | Villager (Male) |
| 18:56 | Build | Farm |
| 19:01 | Create | Villager (Male) |
| 19:03 | Create | Villager (Male) |
| 19:08 | Build | House |
| 19:09 | Build | House |
| 19:11 | Build | House |
| 19:12 | Create | Villager (Male) |
| 19:13 | Create | Villager (Male) |
| 19:24 | Research | Wheelbarrow |
| 19:31 | Create | Villager (Male) |
| 19:36 | Create | Villager (Male) |
| 19:43 | Create | Villager (Male) |
| 19:45 | Create | Villager (Male) |
| 19:49 | Create | Villager (Male) |
| 20:00 | Build | Mill |
| 20:02 | Build | Farm |
| 20:02 | Build | Farm |
| 20:02 | Build | Farm |
| 20:02 | Build | Farm |
| 20:03 | Build | Farm |
| 20:15 | Create | Villager (Male) |
| 20:16 | Create | Villager (Male) |
| 20:19 | Create | Villager (Male) |
| 20:26 | Build | Monastery |
| 20:28 | Create | Villager (Male) |
| 20:29 | Create | Villager (Male) |
| 20:40 | Create | Villager (Male) |
| 20:44 | Build | House |
| 20:45 | Build | House |
| 20:46 | Build | House |
| 20:47 | Build | House |
| 20:48 | Build | House |
| 20:57 | Create | Villager (Male) |
| 21:06 | Create | Monk |
| 21:08 | Create | Villager (Male) |
| 21:16 | Create | Villager (Male) |
| 21:32 | Build | Farm |
| 21:33 | Create | Villager (Male) |
| 21:42 | Build | Mill |
| 21:43 | Build | Farm |
| 21:43 | Build | Farm |
| 21:43 | Build | Farm |
| 21:44 | Build | Farm |
| 21:44 | Build | Farm |
| 21:45 | Build | Farm |
| 21:45 | Build | Farm |
| 21:49 | Create | Villager (Male) |
| 21:49 | Create | Villager (Male) |
| 22:03 | Create | Villager (Male) |
Build order — africabytoto42
First 150 of 519 actions detected
| 0:27 | Research | Loom |
| 0:53 | Create | Villager (Male) |
| 1:36 | Create | Villager (Male) |
| 1:54 | Create | Villager (Male) |
| 2:25 | Create | Villager (Male) |
| 2:41 | Create | Villager (Male) |
| 2:50 | Build | Lumber Camp |
| 3:21 | Create | Villager (Male) |
| 3:35 | Build | House |
| 3:42 | Build | House |
| 3:49 | Create | Villager (Male) |
| 3:50 | Create | Villager (Male) |
| 4:28 | Create | Villager (Male) |
| 4:29 | Create | Villager (Male) |
| 5:05 | Create | Villager (Male) |
| 5:25 | Create | Villager (Male) |
| 5:45 | Create | Villager (Male) |
| 5:49 | Build | House |
| 5:52 | Build | Mill |
| 5:53 | Create | Villager (Male) |
| 6:08 | Create | Villager (Male) |
| 6:31 | Create | Villager (Male) |
| 6:46 | Create | Villager (Male) |
| 7:05 | Create | Villager (Male) |
| 7:17 | Build | House |
| 7:21 | Create | Villager (Male) |
| 7:55 | Build | Mill |
| 8:23 | Create | Villager (Male) |
| 8:34 | Build | Barracks |
| 8:38 | Create | Villager (Male) |
| 8:56 | Build | House |
| 9:04 | Create | Villager (Male) |
| 9:27 | Build | Mining Camp |
| 9:30 | Create | Villager (Male) |
| 9:47 | Build | House |
| 9:56 | Research | Feudal Age |
| 11:18 | Create | Villager (Male) |
| 12:05 | Build | Farm |
| 12:05 | Build | Farm |
| 12:11 | Build | Farm |
| 12:15 | Age | Feudal Age |
| 12:20 | Build | Market |
| 12:22 | Research | Horse Collar |
| 12:23 | Create | Villager (Male) |
| 12:25 | Research | Double-Bit Axe |
| 12:40 | Build | Archery Range |
| 12:43 | Build | Farm |
| 13:00 | Create | Villager (Male) |
| 13:13 | Build | Farm |
| 13:20 | Build | Farm |
| 13:22 | Create | Villager (Male) |
| 13:30 | Build | Farm |
| 13:31 | Create | Villager (Male) |
| 13:38 | Build | Farm |
| 13:49 | Build | Farm |
| 13:51 | Create | Villager (Male) |
| 14:02 | Build | Farm |
| 14:12 | Create | Villager (Male) |
| 14:23 | Build | Farm |
| 14:37 | Create | Villager (Male) |
| 14:50 | Build | Farm |
| 14:51 | Create | Villager (Male) |
| 15:00 | Build | House |
| 15:04 | Build | House |
| 15:13 | Build | Farm |
| 15:28 | Research | Wheelbarrow |
| 15:40 | Build | Farm |
| 15:57 | Build | Mining Camp |
| 16:02 | Create | Villager (Male) |
| 16:33 | Build | Archery Range |
| 16:51 | Create | Villager (Male) |
| 17:03 | Build | Blacksmith |
| 17:23 | Research | Castle Age |
| 17:53 | Create | Villager (Male) |
| 18:00 | Research | Stone Mining |
| 18:07 | Research | Gold Mining |
| 18:47 | Create | Villager (Male) |
| 20:20 | Age | Castle Age |
| 20:45 | Build | Town Center |
| 20:49 | Research | Hand Cart |
| 21:04 | Build | Town Center |
| 21:06 | Create | Villager (Male) |
| 21:18 | Build | House |
| 21:27 | Research | Crossbowman (upgrade) |
| 21:29 | Research | Fletching |
| 21:38 | Research | Padded Archer Armor |
| 21:40 | Create | Villager (Male) |
| 21:43 | Create | Fire Lancer |
| 21:44 | Create | Fire Lancer |
| 21:52 | Create | Villager (Male) |
| 21:55 | Research | Bow Saw |
| 22:06 | Create | Villager (Male) |
| 22:07 | Create | Villager (Male) |
| 22:09 | Create | Villager (Male) |
| 22:10 | Create | Villager (Male) |
| 22:10 | Create | Villager (Male) |
| 22:24 | Create | Villager (Male) |
| 22:25 | Create | Villager (Male) |
| 22:36 | Create | Villager (Male) |
| 22:46 | Build | Monastery |
| 22:52 | Create | Villager (Male) |
| 22:55 | Create | Villager (Male) |
| 23:07 | Create | Villager (Male) |
| 23:09 | Research | Heavy Plow |
| 23:23 | Create | Villager (Male) |
| 23:23 | Create | Villager (Male) |
| 23:36 | Create | Monk |
| 23:36 | Create | Villager (Male) |
| 23:44 | Build | Farm |
| 23:46 | Build | Farm |
| 23:49 | Build | Farm |
| 23:52 | Create | Villager (Male) |
| 23:54 | Create | Villager (Male) |
| 24:05 | Build | Castle |
| 24:11 | Create | Villager (Male) |
| 24:12 | Create | Villager (Male) |
| 24:25 | Build | Archery Range |
| 24:27 | Create | Villager (Male) |
| 24:39 | Create | Monk |
| 24:40 | Create | Villager (Male) |
| 24:40 | Create | Villager (Male) |
| 24:50 | Build | University |
| 24:51 | Create | Villager (Male) |
| 25:01 | Build | Archery Range |
| 25:04 | Create | Villager (Male) |
| 25:05 | Create | Villager (Male) |
| 25:08 | Create | Villager (Male) |
| 25:11 | Build | Lumber Camp |
| 25:19 | Create | Villager (Male) |
| 25:19 | Create | Villager (Male) |
| 25:19 | Create | Villager (Male) |
| 25:28 | Create | Monk |
| 25:39 | Create | Villager (Male) |
| 25:47 | Build | House |
| 25:48 | Build | House |
| 25:49 | Build | House |
| 25:56 | Build | Town Center |
| 25:57 | Create | Villager (Male) |
| 25:57 | Create | Villager (Male) |
| 26:02 | Build | Farm |
| 26:02 | Build | Farm |
| 26:10 | Build | Farm |
| 26:16 | Create | Villager (Male) |
| 26:16 | Create | Villager (Male) |
| 26:17 | Create | Villager (Male) |
| 26:23 | Build | Archery Range |
| 26:28 | Create | Monk |
| 26:43 | Build | Siege Workshop |
| 26:48 | Build | Mining Camp |
| 26:57 | Build | Archery Range |
Build order — heibanbaomc2003
First 150 of 271 actions detected
| 0:03 | Build | House |
| 0:05 | Build | House |
| 0:07 | Create | Villager (Male) ×4 |
| 1:56 | Build | Lumber Camp |
| 2:04 | Create | Villager (Male) |
| 2:12 | Create | Villager (Male) |
| 2:40 | Create | Villager (Male) |
| 3:17 | Create | Villager (Male) |
| 3:17 | Create | Villager (Male) |
| 3:17 | Create | Villager (Male) |
| 3:39 | Build | House |
| 4:13 | Create | Villager (Male) |
| 4:13 | Create | Villager (Male) |
| 4:13 | Create | Villager (Male) |
| 4:23 | Build | Mill |
| 5:14 | Create | Villager (Male) |
| 5:14 | Create | Villager (Male) |
| 5:37 | Create | Villager (Male) |
| 5:58 | Create | Villager (Male) |
| 5:58 | Create | Villager (Male) |
| 6:04 | Build | House |
| 6:50 | Create | Villager (Male) |
| 7:32 | Build | Mill |
| 7:43 | Build | Mill |
| 7:48 | Create | Villager (Male) |
| 7:59 | Research | Feudal Age |
| 8:46 | Build | Lumber Camp |
| 9:06 | Create | Villager (Male) |
| 9:06 | Create | Villager (Male) |
| 10:09 | Age | Feudal Age |
| 10:16 | Build | Market |
| 10:38 | Build | Blacksmith |
| 11:01 | Build | House |
| 11:04 | Build | House |
| 11:05 | Build | House |
| 11:13 | Create | Villager (Male) |
| 12:01 | Create | Villager (Male) |
| 12:12 | Build | Mining Camp |
| 12:19 | Build | Mining Camp |
| 12:30 | Create | Villager (Male) |
| 13:03 | Research | Castle Age |
| 13:36 | Build | House |
| 13:45 | Build | Farm |
| 13:46 | Build | Farm |
| 13:47 | Build | Farm |
| 13:48 | Build | Farm |
| 13:49 | Build | Farm |
| 13:50 | Build | Farm |
| 14:16 | Build | Farm |
| 14:21 | Build | Farm |
| 14:35 | Create | Villager (Male) |
| 14:35 | Create | Villager (Male) |
| 14:46 | Research | Double-Bit Axe |
| 14:55 | Research | Horse Collar |
| 15:43 | Age | Castle Age |
| 15:46 | Build | Town Center |
| 16:01 | Create | Villager (Male) |
| 16:01 | Create | Villager (Male) |
| 16:34 | Create | Villager (Male) |
| 16:35 | Create | Villager (Male) |
| 16:35 | Create | Villager (Male) |
| 16:35 | Create | Villager (Male) |
| 16:44 | Create | Villager (Male) |
| 16:44 | Create | Villager (Male) |
| 16:44 | Create | Villager (Male) |
| 17:10 | Build | Stone Wall |
| 17:30 | Build | Farm |
| 17:31 | Build | Farm |
| 17:32 | Build | Farm |
| 17:43 | Create | Villager (Male) |
| 17:43 | Create | Villager (Male) |
| 17:44 | Create | Villager (Male) |
| 17:46 | Create | Villager (Male) |
| 17:57 | Build | Stone Wall |
| 18:06 | Build | House |
| 18:07 | Build | House |
| 18:08 | Build | House |
| 18:09 | Build | House |
| 18:10 | Build | House |
| 18:16 | Create | Villager (Male) |
| 18:16 | Create | Villager (Male) |
| 18:16 | Create | Villager (Male) |
| 18:16 | Create | Villager (Male) |
| 18:18 | Create | Villager (Male) |
| 18:26 | Build | Stone Wall |
| 18:39 | Create | Villager (Male) |
| 18:53 | Build | Lumber Camp |
| 19:05 | Build | Stone Wall |
| 19:09 | Build | Stone Wall |
| 19:24 | Create | Villager (Male) |
| 19:25 | Create | Villager (Male) |
| 19:47 | Build | Stone Wall |
| 19:59 | Create | Villager (Male) |
| 19:59 | Create | Villager (Male) |
| 19:59 | Create | Villager (Male) |
| 20:00 | Create | Villager (Male) |
| 20:01 | Create | Villager (Male) |
| 20:11 | Build | Town Center |
| 20:27 | Create | Villager (Male) |
| 20:27 | Create | Villager (Male) |
| 20:34 | Build | Farm |
| 20:48 | Research | Double-Bit Axe |
| 21:16 | Create | Villager (Male) |
| 21:17 | Create | Villager (Male) |
| 21:31 | Build | Siege Workshop |
| 21:43 | Build | University |
| 21:49 | Create | Villager (Male) |
| 21:49 | Create | Villager (Male) |
| 21:59 | Create | Villager (Male) ×3 |
| 21:59 | Create | Villager (Male) ×3 |
| 22:24 | Create | Villager (Male) |
| 22:24 | Create | Villager (Male) |
| 22:25 | Create | Villager (Male) |
| 22:33 | Create | Mangonel |
| 22:33 | Create | Mangonel |
| 22:53 | Create | Villager (Male) |
| 22:53 | Create | Villager (Male) |
| 22:53 | Create | Villager (Male) |
| 23:12 | Build | Stone Wall |
| 23:31 | Create | Villager (Male) |
| 23:32 | Create | Villager (Male) |
| 23:33 | Create | Villager (Male) |
| 23:40 | Create | Villager (Male) |
| 23:58 | Build | Farm |
| 24:00 | Build | Farm |
| 24:13 | Build | House |
| 24:14 | Build | House |
| 24:14 | Build | House |
| 24:15 | Build | House |
| 24:41 | Research | Imperial Age |
| 25:03 | Build | Farm |
| 25:04 | Build | Farm |
| 25:05 | Build | Farm |
| 25:06 | Build | Farm |
| 25:07 | Build | Farm |
| 25:31 | Build | Farm |
| 25:32 | Build | Farm |
| 25:34 | Build | Farm |
| 25:35 | Build | Farm |
| 25:38 | Build | Farm |
| 25:38 | Build | Farm |
| 25:55 | Build | Farm |
| 26:04 | Build | Farm |
| 26:33 | Build | Farm |
| 26:41 | Build | House |
| 26:41 | Build | House |
| 26:42 | Build | House |
| 26:43 | Build | House |
| 26:53 | Research | Ballistics |
| 26:59 | Build | Farm |
Build order — alexisxsegura
First 150 of 723 actions detected
| 0:03 | Build | House |
| 0:05 | Build | House |
| 0:08 | Create | Villager (Male) |
| 0:30 | Create | Villager (Male) |
| 0:31 | Create | Villager (Male) |
| 0:31 | Create | Villager (Male) |
| 1:34 | Create | Villager (Male) |
| 1:34 | Create | Villager (Male) |
| 2:14 | Create | Villager (Male) |
| 2:14 | Create | Villager (Male) |
| 2:26 | Build | Lumber Camp |
| 2:28 | Create | Villager (Male) |
| 3:04 | Create | Villager (Male) |
| 3:04 | Create | Villager (Male) |
| 3:08 | Build | House |
| 3:15 | Create | Villager (Male) |
| 3:47 | Create | Villager (Male) |
| 3:47 | Create | Villager (Male) |
| 4:23 | Create | Villager (Male) |
| 4:37 | Build | Mill |
| 4:43 | Create | Villager (Male) |
| 5:00 | Create | Villager (Male) |
| 5:27 | Create | Villager (Male) |
| 5:45 | Create | Villager (Male) |
| 6:02 | Create | Villager (Male) |
| 6:18 | Build | Farm |
| 6:21 | Build | Farm |
| 6:36 | Create | Villager (Male) |
| 6:58 | Build | House |
| 7:03 | Create | Villager (Male) |
| 7:06 | Build | House |
| 7:10 | Create | Villager (Male) |
| 7:14 | Build | Farm |
| 7:48 | Create | Villager (Male) |
| 7:53 | Build | Mining Camp |
| 8:28 | Create | Villager (Male) |
| 8:45 | Create | Villager (Male) |
| 9:03 | Research | Feudal Age |
| 9:04 | Research | Feudal Age |
| 9:29 | Build | Mill |
| 10:50 | Build | Farm |
| 10:53 | Build | Farm |
| 10:58 | Create | Villager (Male) |
| 10:58 | Create | Villager (Male) |
| 11:39 | Age | Feudal Age |
| 11:42 | Build | Market |
| 11:47 | Build | Blacksmith |
| 12:39 | Research | Castle Age |
| 13:18 | Research | Double-Bit Axe |
| 13:18 | Research | Double-Bit Axe |
| 13:29 | Research | Horse Collar |
| 13:30 | Research | Horse Collar |
| 14:52 | Build | House |
| 15:19 | Age | Castle Age |
| 15:22 | Build | Town Center |
| 15:29 | Research | Wheelbarrow |
| 15:29 | Research | Wheelbarrow |
| 15:35 | Research | Bow Saw |
| 15:35 | Research | Bow Saw |
| 15:42 | Build | House |
| 15:47 | Create | Villager (Male) |
| 15:52 | Research | Heavy Plow |
| 15:52 | Research | Heavy Plow |
| 16:08 | Create | Villager (Male) |
| 16:25 | Create | Villager (Male) |
| 17:00 | Build | Town Center |
| 17:03 | Create | Villager (Male) |
| 17:03 | Create | Villager (Male) |
| 17:09 | Build | Farm |
| 17:10 | Build | Farm |
| 17:14 | Build | Farm |
| 17:29 | Build | Farm |
| 17:40 | Create | Villager (Male) |
| 17:48 | Build | Farm |
| 17:59 | Create | Villager (Male) |
| 18:02 | Create | Villager (Male) |
| 18:03 | Create | Villager (Male) |
| 18:08 | Build | Farm |
| 18:20 | Create | Villager (Male) |
| 18:20 | Create | Villager (Male) |
| 18:21 | Create | Villager (Male) |
| 18:25 | Build | Farm |
| 18:28 | Build | Farm |
| 18:31 | Build | Farm |
| 18:35 | Build | Farm |
| 18:41 | Build | Farm |
| 18:43 | Create | Villager (Male) |
| 18:55 | Build | Farm |
| 18:56 | Build | Farm |
| 19:01 | Build | Farm |
| 19:01 | Create | Villager (Male) |
| 19:03 | Create | Villager (Male) |
| 19:18 | Build | Farm |
| 19:20 | Build | Farm |
| 19:21 | Create | Villager (Male) |
| 19:22 | Create | Villager (Male) |
| 19:23 | Create | Villager (Male) |
| 19:29 | Build | House |
| 19:30 | Build | House |
| 19:31 | Build | House |
| 19:37 | Build | House |
| 19:38 | Build | House |
| 19:41 | Create | Villager (Male) |
| 19:44 | Build | Farm |
| 19:46 | Create | Villager (Male) |
| 19:51 | Build | Farm |
| 19:52 | Build | Farm |
| 19:58 | Build | Farm |
| 20:01 | Create | Villager (Male) |
| 20:22 | Build | Town Center |
| 20:25 | Create | Villager (Male) |
| 20:26 | Create | Villager (Male) |
| 20:27 | Create | Villager (Male) |
| 20:42 | Build | Farm |
| 20:43 | Build | Farm |
| 20:48 | Build | Farm |
| 20:49 | Create | Villager (Male) |
| 20:50 | Create | Villager (Male) |
| 20:51 | Create | Villager (Male) |
| 20:59 | Build | House |
| 21:00 | Build | House |
| 21:01 | Build | Farm |
| 21:11 | Create | Villager (Male) |
| 21:14 | Create | Villager (Male) |
| 21:14 | Create | Villager (Male) |
| 21:16 | Create | Villager (Male) |
| 21:21 | Create | Villager (Male) |
| 21:31 | Build | Farm |
| 21:32 | Build | Farm |
| 21:36 | Build | Farm |
| 21:40 | Build | Farm |
| 21:42 | Create | Villager (Male) |
| 21:43 | Create | Villager (Male) |
| 21:44 | Create | Villager (Male) |
| 21:44 | Create | Villager (Male) |
| 21:50 | Build | House |
| 21:51 | Build | House |
| 21:58 | Create | Villager (Male) |
| 21:59 | Create | Villager (Male) |
| 22:00 | Create | Villager (Male) |
| 22:08 | Build | Mining Camp |
| 22:11 | Create | Villager (Male) |
| 22:11 | Create | Villager (Male) |
| 22:12 | Create | Villager (Male) |
| 22:22 | Build | Farm |
| 22:23 | Build | Farm |
| 22:27 | Build | Farm |
| 22:29 | Build | Farm |
| 22:30 | Create | Villager (Male) |
| 22:30 | Create | Villager (Male) |
Build order — younger
First 150 of 410 actions detected
| 0:04 | Build | House |
| 0:08 | Create | Villager (Male) |
| 0:08 | Create | Villager (Male) |
| 0:09 | Create | Villager (Male) |
| 0:09 | Create | Villager (Male) |
| 0:25 | Build | House |
| 0:26 | Build | House |
| 0:41 | Create | Villager (Male) |
| 1:05 | Build | House |
| 1:42 | Create | Villager (Male) |
| 1:42 | Create | Villager (Male) |
| 2:25 | Create | Villager (Male) |
| 2:25 | Create | Villager (Male) |
| 3:11 | Create | Villager (Male) |
| 3:27 | Build | Mill |
| 3:40 | Create | Villager (Male) |
| 3:40 | Create | Villager (Male) |
| 3:41 | Create | Villager (Male) |
| 4:19 | Create | Villager (Male) |
| 4:19 | Create | Villager (Male) |
| 4:56 | Build | Lumber Camp |
| 5:10 | Create | Villager (Male) |
| 5:10 | Create | Villager (Male) |
| 6:01 | Create | Villager (Male) |
| 6:02 | Create | Villager (Male) |
| 6:50 | Create | Villager (Male) |
| 6:59 | Build | Mill |
| 7:17 | Create | Villager (Male) |
| 7:50 | Create | Villager (Male) |
| 7:54 | Research | Feudal Age |
| 8:32 | Create | Villager (Male) |
| 8:32 | Create | Villager (Male) |
| 9:10 | Build | House |
| 9:12 | Build | House |
| 9:14 | Build | House |
| 9:15 | Build | House |
| 9:57 | Age | Feudal Age |
| 10:01 | Build | Market |
| 10:04 | Research | Horse Collar |
| 10:10 | Research | Double-Bit Axe |
| 10:29 | Build | Farm |
| 10:31 | Build | Farm |
| 10:32 | Build | Farm |
| 10:37 | Create | Villager (Male) |
| 10:48 | Build | Farm |
| 11:01 | Build | Blacksmith |
| 11:08 | Build | Farm |
| 11:11 | Build | Farm |
| 11:14 | Build | Farm |
| 11:18 | Build | Farm |
| 11:20 | Create | Villager (Male) |
| 11:20 | Create | Villager (Male) |
| 11:47 | Build | Farm |
| 11:53 | Build | Mining Camp |
| 12:09 | Create | Villager (Male) |
| 12:10 | Create | Villager (Male) |
| 12:20 | Build | Farm |
| 12:21 | Build | Farm |
| 12:30 | Build | Farm |
| 12:45 | Build | Farm |
| 13:01 | Create | Villager (Male) |
| 13:01 | Create | Villager (Male) |
| 13:09 | Build | Farm |
| 13:29 | Build | Farm |
| 13:44 | Build | Farm |
| 13:49 | Research | Loom |
| 14:01 | Build | Farm |
| 14:10 | Create | Villager (Male) |
| 15:03 | Research | Castle Age |
| 15:50 | Create | Villager (Male) |
| 15:50 | Create | Villager (Male) |
| 17:28 | Age | Castle Age |
| 17:32 | Build | Town Center |
| 17:39 | Build | Town Center |
| 17:40 | Create | Villager (Male) |
| 17:40 | Create | Villager (Male) |
| 17:44 | Research | Heavy Plow |
| 18:12 | Research | Forging |
| 18:12 | Research | Scale Barding Armor |
| 18:17 | Create | Villager (Male) |
| 18:17 | Create | Villager (Male) |
| 18:17 | Create | Villager (Male) |
| 18:22 | Research | Bow Saw |
| 18:37 | Create | Villager (Male) |
| 18:37 | Create | Villager (Male) |
| 18:38 | Create | Villager (Male) |
| 18:38 | Create | Villager (Male) |
| 18:55 | Create | Villager (Male) |
| 19:28 | Create | Villager (Male) |
| 19:29 | Create | Villager (Male) |
| 19:29 | Create | Villager (Male) |
| 19:29 | Create | Villager (Male) |
| 19:29 | Create | Villager (Male) |
| 19:35 | Build | Farm |
| 19:37 | Build | Farm |
| 19:38 | Build | Farm |
| 19:40 | Build | Farm |
| 19:48 | Build | Farm |
| 19:54 | Create | Villager (Male) |
| 19:54 | Create | Villager (Male) |
| 19:54 | Create | Villager (Male) |
| 20:05 | Build | Farm |
| 20:06 | Build | Farm |
| 20:09 | Build | Farm |
| 20:19 | Create | Villager (Male) |
| 20:19 | Create | Villager (Male) |
| 20:19 | Create | Villager (Male) |
| 20:33 | Create | Villager (Male) |
| 20:33 | Create | Villager (Male) |
| 20:38 | Build | House |
| 20:39 | Build | House |
| 20:40 | Build | House |
| 20:41 | Build | House |
| 20:42 | Build | House |
| 20:44 | Build | House |
| 20:45 | Build | House |
| 20:47 | Create | Villager (Male) |
| 20:47 | Create | Villager (Male) |
| 20:54 | Research | Wheelbarrow |
| 21:07 | Build | Mill |
| 21:10 | Create | Villager (Male) |
| 21:10 | Create | Villager (Male) |
| 21:11 | Create | Villager (Male) |
| 21:15 | Build | Farm |
| 21:16 | Build | Farm |
| 21:29 | Build | Farm |
| 21:30 | Build | Farm |
| 21:32 | Build | Farm |
| 21:33 | Create | Villager (Male) |
| 21:34 | Create | Villager (Male) |
| 21:51 | Create | Villager (Male) |
| 21:51 | Create | Villager (Male) |
| 21:51 | Create | Villager (Male) |
| 21:55 | Build | Farm |
| 21:56 | Build | Farm |
| 21:58 | Build | Farm |
| 22:08 | Create | Villager (Male) |
| 22:08 | Create | Villager (Male) |
| 22:08 | Create | Villager (Male) |
| 22:16 | Build | Monastery |
| 22:20 | Create | Villager (Male) |
| 22:20 | Create | Villager (Male) |
| 22:42 | Create | Villager (Male) |
| 22:47 | Build | Farm |
| 22:48 | Build | Farm |
| 22:49 | Build | Farm |
| 22:51 | Build | Farm |
| 22:52 | Build | Farm |
| 22:54 | Create | Villager (Male) |
| 22:54 | Create | Villager (Male) |
Build order — pawoulf
First 150 of 646 actions detected
| 0:00 | Create | Villager (Male) |
| 0:01 | Create | Villager (Male) |
| 0:01 | Create | Villager (Male) |
| 0:01 | Create | Villager (Male) |
| 0:01 | Create | Villager (Male) |
| 0:03 | Build | House |
| 0:06 | Build | House |
| 0:11 | Build | House |
| 1:30 | Create | Villager (Male) |
| 1:54 | Build | Lumber Camp |
| 2:10 | Create | Villager (Male) |
| 2:45 | Create | Villager (Male) |
| 3:20 | Create | Villager (Male) |
| 3:20 | Create | Villager (Male) |
| 3:56 | Create | Villager (Male) |
| 4:06 | Build | Mill |
| 4:36 | Research | Loom |
| 4:42 | Build | House |
| 4:55 | Build | House |
| 4:55 | Build | House |
| 5:04 | Create | Villager (Male) |
| 5:05 | Create | Villager (Male) |
| 5:05 | Create | Villager (Male) |
| 5:09 | Create | Villager (Male) |
| 5:38 | Create | Villager (Male) |
| 6:19 | Build | Mining Camp |
| 6:44 | Create | Villager (Male) |
| 7:21 | Create | Villager (Male) |
| 8:15 | Create | Villager (Male) |
| 8:52 | Create | Villager (Male) |
| 9:18 | Create | Villager (Male) |
| 9:44 | Research | Feudal Age |
| 9:50 | Build | Mining Camp |
| 10:04 | Create | Villager (Male) |
| 10:04 | Create | Villager (Male) |
| 10:34 | Build | Farm |
| 10:35 | Build | Farm |
| 10:35 | Build | Farm |
| 10:36 | Build | Farm |
| 10:36 | Build | Farm |
| 10:37 | Build | Farm |
| 10:37 | Build | Farm |
| 10:37 | Build | Farm |
| 10:38 | Build | Farm |
| 11:54 | Age | Feudal Age |
| 12:00 | Build | Market |
| 12:43 | Build | Blacksmith |
| 13:02 | Create | Villager (Male) |
| 13:38 | Build | Farm |
| 13:39 | Create | Villager (Male) |
| 14:09 | Build | Farm |
| 14:11 | Build | Farm |
| 14:30 | Research | Castle Age |
| 14:47 | Build | House |
| 14:48 | Build | House |
| 14:59 | Research | Double-Bit Axe |
| 15:41 | Create | Villager (Male) |
| 15:42 | Create | Villager (Male) |
| 15:42 | Create | Villager (Male) |
| 15:58 | Research | Gold Mining |
| 16:14 | Build | Farm |
| 17:04 | Create | Villager (Male) |
| 17:05 | Create | Villager (Male) |
| 17:10 | Age | Castle Age |
| 17:16 | Build | Town Center |
| 17:27 | Build | Town Center |
| 17:30 | Create | Villager (Male) |
| 17:31 | Create | Villager (Male) |
| 17:34 | Create | Villager (Male) |
| 17:34 | Create | Villager (Male) |
| 17:35 | Create | Villager (Male) |
| 17:35 | Create | Villager (Male) |
| 18:25 | Research | Bow Saw |
| 18:56 | Create | Villager (Male) |
| 18:57 | Create | Villager (Male) |
| 18:57 | Create | Villager (Male) |
| 18:57 | Create | Villager (Male) |
| 18:58 | Create | Villager (Male) |
| 18:58 | Create | Villager (Male) |
| 19:19 | Create | Villager (Male) |
| 19:19 | Create | Villager (Male) |
| 19:43 | Build | Barracks |
| 20:01 | Build | Farm |
| 20:05 | Build | Farm |
| 20:08 | Build | Farm |
| 20:19 | Research | Gold Shaft Mining |
| 20:22 | Create | Villager (Male) |
| 20:27 | Create | Villager (Male) |
| 20:46 | Build | House |
| 20:47 | Build | House |
| 20:54 | Build | Stable |
| 20:56 | Build | Stable |
| 21:06 | Build | Farm |
| 21:19 | Create | Villager (Male) |
| 21:19 | Create | Villager (Male) |
| 21:31 | Create | Villager (Male) |
| 21:38 | Build | Farm |
| 21:46 | Create | Villager (Male) |
| 21:47 | Create | Villager (Male) |
| 21:47 | Create | Villager (Male) |
| 21:47 | Create | Villager (Male) |
| 21:57 | Build | Farm |
| 21:59 | Create | Villager (Male) |
| 22:08 | Create | Villager (Male) |
| 22:11 | Create | Villager (Male) |
| 22:18 | Build | Stable |
| 22:24 | Build | Siege Workshop |
| 22:30 | Build | Farm |
| 22:46 | Build | House |
| 22:47 | Build | House |
| 22:48 | Build | House |
| 22:50 | Create | Villager (Male) |
| 22:50 | Create | Villager (Male) |
| 22:53 | Create | Villager (Male) |
| 22:53 | Create | Villager (Male) |
| 22:58 | Build | Farm |
| 23:01 | Create | Villager (Male) |
| 23:07 | Create | Villager (Male) |
| 23:12 | Create | Villager (Male) |
| 23:14 | Create | Villager (Male) |
| 23:17 | Build | Farm |
| 23:32 | Create | Villager (Male) |
| 23:32 | Create | Villager (Male) |
| 23:32 | Create | Villager (Male) |
| 23:41 | Create | Villager (Male) |
| 23:42 | Create | Villager (Male) |
| 23:44 | Build | Farm |
| 23:52 | Build | House |
| 23:53 | Build | House |
| 23:54 | Build | House |
| 23:54 | Build | House |
| 23:56 | Build | House |
| 24:00 | Build | Farm |
| 24:06 | Create | Villager (Male) |
| 24:07 | Create | Villager (Male) |
| 24:07 | Create | Villager (Male) |
| 24:15 | Build | Farm |
| 24:17 | Build | Farm |
| 24:39 | Build | Farm |
| 24:41 | Create | Villager (Male) |
| 24:44 | Create | Villager (Male) |
| 24:44 | Create | Villager (Male) |
| 24:44 | Create | Villager (Male) |
| 24:45 | Create | Villager (Male) |
| 24:48 | Build | Farm |
| 25:11 | Build | Stable |
| 25:13 | Build | Stable |
| 25:18 | Build | Stable |
| 25:21 | Build | Stable |
| 25:29 | Create | Villager (Male) |
Build order — Timbotumba
First 150 of 338 actions detected
| 0:02 | Create | Villager (Male) ×4 |
| 0:04 | Build | House |
| 0:05 | Build | House |
| 0:06 | Build | House |
| 0:07 | Build | House |
| 0:45 | Build | Mill |
| 1:41 | Create | Villager (Male) |
| 2:10 | Create | Villager (Male) |
| 2:21 | Create | Villager (Male) |
| 2:51 | Create | Villager (Male) |
| 3:00 | Create | Villager (Male) |
| 3:32 | Create | Villager (Male) |
| 3:39 | Create | Villager (Male) |
| 4:20 | Create | Villager (Male) |
| 4:21 | Create | Villager (Male) |
| 4:21 | Create | Villager (Male) |
| 4:50 | Create | Villager (Male) |
| 5:09 | Create | Villager (Male) |
| 5:09 | Create | Villager (Male) |
| 5:34 | Create | Villager (Male) |
| 5:34 | Create | Villager (Male) |
| 6:40 | Create | Villager (Male) ×4 |
| 6:46 | Build | House |
| 6:47 | Build | House |
| 6:51 | Build | Lumber Camp |
| 8:50 | Build | Mining Camp |
| 9:24 | Research | Feudal Age |
| 10:31 | Create | Villager (Male) |
| 10:32 | Create | Villager (Male) |
| 10:32 | Research | Loom |
| 11:34 | Age | Feudal Age |
| 11:36 | Build | Market |
| 11:43 | Build | Blacksmith |
| 12:10 | Research | Double-Bit Axe |
| 12:31 | Build | Mining Camp |
| 12:32 | Research | Castle Age |
| 13:03 | Build | Farm |
| 13:04 | Research | Stone Mining |
| 13:22 | Build | Farm |
| 13:47 | Build | Farm |
| 14:03 | Build | Farm |
| 14:52 | Create | Villager (Male) |
| 15:00 | Build | Farm |
| 15:02 | Build | Farm |
| 15:03 | Build | Farm |
| 15:05 | Build | Farm |
| 15:07 | Build | Farm |
| 15:08 | Build | Farm |
| 15:29 | Age | Castle Age |
| 15:35 | Build | Castle |
| 15:39 | Build | Stone Wall |
| 15:40 | Build | Stone Wall |
| 15:47 | Build | Gate |
| 15:51 | Create | Villager (Male) |
| 16:17 | Research | Fletching |
| 16:33 | Build | Mining Camp |
| 16:54 | Create | Villager (Male) |
| 17:01 | Build | Farm |
| 17:14 | Create | Villager (Male) |
| 17:20 | Create | Villager (Male) |
| 17:36 | Build | Farm |
| 18:12 | Build | Farm |
| 18:21 | Create | Villager (Male) |
| 18:21 | Create | Villager (Male) |
| 18:22 | Create | Villager (Male) |
| 18:25 | Build | Farm |
| 18:40 | Build | Farm |
| 18:59 | Build | Farm |
| 19:27 | Create | Villager (Male) |
| 19:34 | Research | Bow Saw |
| 19:36 | Create | Villager (Male) |
| 19:48 | Research | Horse Collar |
| 20:26 | Create | Villager (Male) |
| 20:37 | Build | Town Center |
| 20:41 | Create | Villager (Male) |
| 20:46 | Research | Gold Mining |
| 20:48 | Create | Villager (Male) |
| 21:23 | Build | Farm |
| 21:27 | Create | Villager (Male) |
| 21:36 | Research | Heavy Plow |
| 21:49 | Create | Villager (Male) |
| 21:53 | Create | Villager (Male) |
| 22:04 | Build | Farm |
| 22:08 | Build | Farm |
| 22:08 | Create | Villager (Male) |
| 22:15 | Create | Villager (Male) |
| 22:24 | Create | Villager (Male) |
| 22:40 | Build | Siege Workshop |
| 22:47 | Build | Stone Wall |
| 22:52 | Create | Villager (Male) |
| 22:52 | Create | Villager (Male) |
| 23:00 | Create | Villager (Male) |
| 23:14 | Create | Mangonel |
| 23:20 | Create | Villager (Male) |
| 23:34 | Build | Gate |
| 23:39 | Research | Wheelbarrow |
| 23:49 | Create | Villager (Male) |
| 23:56 | Build | Farm |
| 23:58 | Build | Farm |
| 23:59 | Build | Farm |
| 24:01 | Build | Farm |
| 24:02 | Build | Farm |
| 24:03 | Build | Farm |
| 24:13 | Build | Farm |
| 24:14 | Build | Farm |
| 24:17 | Build | Farm |
| 24:18 | Build | Farm |
| 24:21 | Create | Villager (Male) |
| 24:21 | Create | Villager (Male) |
| 24:30 | Build | Farm |
| 24:32 | Build | Farm |
| 24:42 | Create | Villager (Male) |
| 24:42 | Create | Villager (Male) |
| 24:52 | Create | Villager (Male) |
| 24:54 | Create | Villager (Male) ×3 |
| 25:12 | Build | Farm |
| 25:31 | Build | Town Center |
| 25:35 | Create | Villager (Male) |
| 25:48 | Build | House |
| 25:49 | Build | House |
| 25:50 | Build | House |
| 26:17 | Create | Villager (Male) |
| 26:18 | Create | Villager (Male) |
| 26:34 | Create | Villager (Male) |
| 26:42 | Create | Villager (Male) |
| 26:43 | Create | Villager (Male) |
| 26:44 | Create | Villager (Male) |
| 26:56 | Build | Mining Camp |
| 27:00 | Create | Villager (Male) |
| 27:15 | Research | Imperial Age |
| 27:21 | Create | Villager (Male) |
| 27:28 | Build | University |
| 27:35 | Create | Villager (Male) |
| 27:35 | Create | Villager (Male) |
| 27:36 | Create | Villager (Male) |
| 27:39 | Create | Scorpion |
| 27:39 | Create | Scorpion |
| 27:43 | Create | Villager (Male) ×2 |
| 28:13 | Create | Scorpion |
| 28:16 | Research | Hand Cart |
| 28:21 | Create | Villager (Male) ×3 |
| 28:28 | Build | House |
| 28:29 | Build | House |
| 28:31 | Build | House |
| 28:32 | Build | House |
| 28:36 | Research | Murder Holes |
| 28:42 | Create | Villager (Male) |
| 28:44 | Create | Villager (Male) |
| 28:47 | Create | Villager (Male) |
| 28:53 | Create | Villager (Male) |
Build order — Kei Nagase
First 150 of 456 actions detected
| 0:02 | Create | Villager (Male) |
| 0:04 | Build | House |
| 0:07 | Build | House |
| 0:34 | Create | Villager (Male) |
| 0:34 | Create | Villager (Male) |
| 0:34 | Create | Villager (Male) |
| 1:27 | Create | Villager (Male) |
| 1:56 | Build | Lumber Camp |
| 2:14 | Create | Villager (Male) |
| 2:26 | Create | Villager (Male) |
| 2:26 | Create | Villager (Male) |
| 2:47 | Create | Villager (Male) |
| 3:10 | Build | House |
| 3:22 | Create | Villager (Male) |
| 3:58 | Create | Villager (Male) |
| 3:58 | Create | Villager (Male) |
| 4:27 | Create | Villager (Male) |
| 4:27 | Create | Villager (Male) |
| 4:53 | Build | Mill |
| 5:05 | Build | Mill |
| 5:12 | Create | Villager (Male) |
| 5:13 | Create | Villager (Male) |
| 5:13 | Create | Villager (Male) |
| 5:13 | Create | Villager (Male) |
| 5:14 | Create | Villager (Male) |
| 5:42 | Build | House |
| 6:33 | Research | Loom |
| 7:24 | Create | Villager (Male) |
| 7:56 | Research | Feudal Age |
| 8:00 | Build | Mill |
| 8:37 | Create | Villager (Male) |
| 8:37 | Create | Villager (Male) |
| 10:06 | Age | Feudal Age |
| 10:10 | Build | House |
| 10:12 | Build | Market |
| 10:19 | Build | Blacksmith |
| 10:37 | Create | Villager (Male) |
| 11:39 | Create | Villager (Male) |
| 11:40 | Create | Villager (Male) |
| 12:44 | Research | Castle Age |
| 12:50 | Build | Mining Camp |
| 13:20 | Build | House |
| 13:22 | Build | House |
| 14:17 | Research | Double-Bit Axe |
| 14:46 | Create | Villager (Male) |
| 15:24 | Age | Castle Age |
| 15:39 | Build | Castle |
| 15:44 | Create | Villager (Male) |
| 15:52 | Build | Farm |
| 15:53 | Build | Farm |
| 15:55 | Build | Farm |
| 15:56 | Build | Farm |
| 16:01 | Create | Villager (Male) |
| 16:24 | Build | Castle |
| 16:40 | Build | House |
| 16:50 | Build | Farm |
| 16:56 | Build | House |
| 17:04 | Create | Villager (Male) |
| 17:04 | Create | Villager (Male) |
| 17:10 | Build | Farm |
| 17:44 | Create | Villager (Male) |
| 17:44 | Create | Villager (Male) |
| 18:21 | Build | Siege Workshop |
| 18:27 | Create | Villager (Male) |
| 18:27 | Create | Villager (Male) |
| 18:35 | Build | House |
| 19:09 | Create | Mangonel |
| 19:10 | Create | Villager (Male) |
| 19:10 | Create | Villager (Male) |
| 19:23 | Create | Villager (Male) |
| 19:49 | Create | Mangonel |
| 19:49 | Create | Mangonel |
| 19:50 | Create | Villager (Male) |
| 19:50 | Create | Villager (Male) |
| 20:13 | Create | Villager (Male) |
| 20:40 | Build | Palisade Gate |
| 20:50 | Build | Town Center |
| 20:55 | Create | Villager (Male) |
| 21:17 | Create | Mangonel |
| 21:19 | Create | Villager (Male) |
| 21:34 | Create | Villager (Male) |
| 21:57 | Build | Mining Camp |
| 21:58 | Create | Villager (Male) |
| 22:13 | Create | Villager (Male) |
| 22:31 | Build | Farm |
| 22:40 | Build | Farm |
| 22:42 | Build | Farm |
| 22:44 | Build | Farm |
| 22:46 | Build | Farm |
| 22:50 | Create | Villager (Male) |
| 22:56 | Build | Farm |
| 22:59 | Build | Farm |
| 23:02 | Create | Villager (Male) |
| 23:08 | Create | Villager (Male) |
| 23:08 | Create | Villager (Male) |
| 23:20 | Build | Farm |
| 23:21 | Build | Farm |
| 23:25 | Create | Villager (Male) |
| 23:46 | Create | Villager (Male) |
| 23:56 | Create | Villager (Male) |
| 24:10 | Build | Town Center |
| 24:14 | Create | Villager (Male) |
| 24:14 | Create | Villager (Male) |
| 24:21 | Create | Villager (Male) |
| 24:31 | Create | Mangonel |
| 24:33 | Create | Villager (Male) |
| 24:42 | Create | Villager (Male) |
| 25:02 | Build | Farm |
| 25:13 | Create | Villager (Male) |
| 25:14 | Create | Villager (Male) |
| 25:15 | Create | Villager (Male) |
| 25:15 | Create | Villager (Male) |
| 25:21 | Build | Farm |
| 25:35 | Create | Villager (Male) |
| 25:51 | Build | Farm |
| 25:52 | Build | Farm |
| 25:54 | Build | Farm |
| 25:55 | Create | Villager (Male) |
| 25:55 | Create | Villager (Male) |
| 25:56 | Create | Villager (Male) |
| 25:56 | Create | Villager (Male) |
| 26:05 | Create | Villager (Male) |
| 26:18 | Build | University |
| 26:20 | Create | Villager (Male) |
| 26:21 | Create | Villager (Male) |
| 26:25 | Build | House |
| 26:26 | Build | House |
| 26:27 | Build | House |
| 26:28 | Build | House |
| 26:30 | Build | House |
| 26:33 | Build | House |
| 26:35 | Create | Villager (Male) |
| 26:36 | Create | Villager (Male) |
| 26:36 | Create | Villager (Male) |
| 26:40 | Create | Villager (Male) |
| 26:40 | Create | Villager (Male) |
| 26:43 | Build | Farm |
| 26:49 | Create | Villager (Male) |
| 26:55 | Build | Farm |
| 26:57 | Build | Farm |
| 26:59 | Build | Farm |
| 27:05 | Build | Farm |
| 27:17 | Create | Villager (Male) |
| 27:17 | Create | Villager (Male) |
| 27:18 | Create | Villager (Male) |
| 27:18 | Create | Villager (Male) |
| 27:24 | Build | Farm |
| 27:25 | Build | Farm |
| 27:28 | Create | Villager (Male) |
| 27:28 | Create | Villager (Male) |
Match timeline
| 8:34 | africabytoto42 · first_building Barracks |
| 9:57 | younger · age_up feudal |
| 10:06 | Kei Nagase · age_up feudal |
| 10:09 | heibanbaomc2003 · age_up feudal |
| 11:26 | heibanbaomc2003 · first_market_sell 100 wood |
| 11:34 | Timbotumba · age_up feudal |
| 11:39 | alexisxsegura · age_up feudal |
| 11:54 | pawoulf · age_up feudal |
| 12:02 | 2384823078 · age_up feudal |
| 12:15 | africabytoto42 · age_up feudal |
| 12:31 | alexisxsegura · first_market_sell 100 wood |
| 12:33 | alexisxsegura · first_market_buy 100 food |
| 12:36 | 2384823078 · first_market_sell 100 wood |
| 12:40 | africabytoto42 · first_building Archery Range |
| 14:48 | younger · first_market_sell 100 food |
| 15:19 | alexisxsegura · age_up castle |
| 15:24 | Kei Nagase · age_up castle |
| 15:29 | Timbotumba · age_up castle |
| 15:33 | 2384823078 · age_up castle |
| 15:35 | Timbotumba · first_building Castle |
| 15:39 | Timbotumba · wall_segment Stone Wall x1 |
| 15:39 | Kei Nagase · first_building Castle |
| 15:40 | Timbotumba · wall_segment Stone Wall x1 |
| 15:43 | heibanbaomc2003 · age_up castle |
| 17:10 | heibanbaomc2003 · wall_segment Stone Wall x8 |
| 17:10 | pawoulf · age_up castle |
| 17:28 | younger · age_up castle |
| 17:57 | heibanbaomc2003 · wall_segment Stone Wall x2 |
| 18:21 | Kei Nagase · first_building Siege Workshop |
| 18:26 | heibanbaomc2003 · wall_segment Stone Wall x4 |
| 19:05 | heibanbaomc2003 · wall_segment Stone Wall x2 |
| 19:09 | heibanbaomc2003 · wall_segment Stone Wall x1 |
| 19:43 | pawoulf · first_building Barracks |
| 19:47 | heibanbaomc2003 · wall_segment Stone Wall x2 |
| 20:20 | africabytoto42 · age_up castle |
| 20:26 | 2384823078 · first_building Monastery |
| 20:54 | pawoulf · first_building Stable |
| 21:31 | heibanbaomc2003 · first_building Siege Workshop |
| 22:16 | younger · first_building Monastery |
| 22:24 | pawoulf · first_building Siege Workshop |
| 22:40 | Timbotumba · first_building Siege Workshop |
| 22:46 | africabytoto42 · first_building Monastery |
| 22:47 | Timbotumba · wall_segment Stone Wall x20 |
| 23:07 | Kei Nagase · first_market_buy 100 food |
| 23:12 | heibanbaomc2003 · wall_segment Stone Wall x4 |
| 24:01 | 2384823078 · tribute_sent a jugador 1 |
| 24:01 | 2384823078 · tribute_sent a jugador 2 |
| 24:01 | 2384823078 · tribute_sent a jugador 3 |
| 24:01 | 2384823078 · tribute_sent a jugador 4 |
| 24:01 | 2384823078 · tribute_sent a jugador 5 |
| 24:01 | 2384823078 · tribute_sent a jugador 7 |
| 24:01 | 2384823078 · tribute_sent a jugador 8 |
| 24:05 | africabytoto42 · first_building Castle |
| 24:25 | alexisxsegura · first_building Siege Workshop |
| 25:21 | alexisxsegura · first_building Barracks |
| 25:28 | younger · first_building Castle |
| 26:43 | africabytoto42 · first_building Siege Workshop |
| 26:48 | 2384823078 · first_building Barracks |
| 27:06 | heibanbaomc2003 · first_building Castle |
| 27:11 | 2384823078 · first_building Stable |
| 27:50 | heibanbaomc2003 · age_up imperial |
| 27:52 | heibanbaomc2003 · first_building Barracks |
| 29:03 | younger · tribute_sent a jugador 1 |
| 29:03 | younger · tribute_sent a jugador 2 |
| 29:03 | younger · tribute_sent a jugador 3 |
| 29:03 | younger · tribute_sent a jugador 5 |
| 29:03 | younger · tribute_sent a jugador 6 |
| 29:03 | younger · tribute_sent a jugador 7 |
| 29:03 | younger · tribute_sent a jugador 8 |
| 29:05 | alexisxsegura · age_up imperial |
| 29:09 | heibanbaomc2003 · first_building Archery Range |
| 29:22 | younger · age_up imperial |
| 29:37 | Kei Nagase · first_market_sell 500 wood |
| 29:55 | alexisxsegura · first_building Castle |
| 30:14 | 2384823078 · age_up imperial |
| 30:26 | Timbotumba · age_up imperial |
| 30:58 | younger · first_building Barracks |
| 32:19 | pawoulf · age_up imperial |
| 32:23 | Timbotumba · first_building Barracks |
| 32:38 | younger · first_building Stable |
| 32:51 | Kei Nagase · age_up imperial |
| 32:59 | africabytoto42 · age_up imperial |
| 34:09 | Kei Nagase · first_building Barracks |
| 34:39 | pawoulf · first_building Castle |
| 34:43 | younger · first_building Archery Range |
| 34:49 | Timbotumba · first_market_sell 500 stone |
| 35:09 | Kei Nagase · first_building Archery Range |
| 36:36 | alexisxsegura · tribute_sent a jugador 1 |
| 36:36 | alexisxsegura · tribute_sent a jugador 2 |
| 36:36 | alexisxsegura · tribute_sent a jugador 4 |
| 36:36 | alexisxsegura · tribute_sent a jugador 5 |
| 36:36 | alexisxsegura · tribute_sent a jugador 6 |
| 36:36 | alexisxsegura · tribute_sent a jugador 7 |
| 36:36 | alexisxsegura · tribute_sent a jugador 8 |
| 37:49 | Timbotumba · first_building Stable |
| 38:41 | alexisxsegura · tribute_sent a jugador 1 |
| 38:41 | alexisxsegura · tribute_sent a jugador 2 |
| 38:41 | alexisxsegura · tribute_sent a jugador 4 |
| 38:41 | alexisxsegura · tribute_sent a jugador 5 |
| 38:41 | alexisxsegura · tribute_sent a jugador 6 |
| 38:41 | alexisxsegura · tribute_sent a jugador 7 |
| 38:41 | alexisxsegura · tribute_sent a jugador 8 |
| 40:26 | Kei Nagase · wall_segment Stone Wall x15 |
| 40:28 | Kei Nagase · wall_segment Stone Wall x1 |
| 41:22 | africabytoto42 · first_market_buy 100 wood |
| 45:47 | heibanbaomc2003 · first_building Stable |
| 46:29 | heibanbaomc2003 · first_building Monastery |
| 46:33 | alexisxsegura · first_building Archery Range |
| 46:45 | alexisxsegura · tribute_sent a jugador 1 |
| 46:45 | alexisxsegura · tribute_sent a jugador 2 |
| 46:45 | alexisxsegura · tribute_sent a jugador 4 |
| 46:45 | alexisxsegura · tribute_sent a jugador 5 |
| 46:45 | alexisxsegura · tribute_sent a jugador 6 |
| 46:45 | alexisxsegura · tribute_sent a jugador 7 |
| 46:45 | alexisxsegura · tribute_sent a jugador 8 |
| 49:32 | alexisxsegura · resign |
| 50:20 | pawoulf · wall_segment Stone Wall x1 |
| 52:42 | younger · wall_segment Stone Wall x8 |
| 55:40 | 2384823078 · first_building Castle |
[ AI ANALYSIS · 1 CREDIT ]
What really happened in this match?
Wolo.gg analyzes every decision: build order, eco, micro, common mistakes by bracket. Personalized analysis on WhatsApp or Discord in 30 seconds.
Civ guide
Teutons
Map guide
Arena
Perfil
2384823078